AoeStats
← Morrión

MegaRandom

507512536Analyzed
2v2 RM · 15d ago on Sep 18, 2026· 34m 2s· 4 players
Game mode
Random Map
Map size
Medium (4 player)
Population
200
Speed
Normal
Resources
Standard
Victory
Conquest
Starting age
Dark Age
Ending age
Imperial Age
RankedLock teamsTeams togetherTeam positionsShared explorationLock speedFull tech treeHidden civsTurbo modeCheats
Victory
Defeat
🇰🇷 Britons · South Korea
1455
+13
🇰🇷 Bulgarians · South Korea
1256
+21
🇪🇸 Georgians · Spain
1385
-17
🇪🇸 Portuguese · Spain
1383
-17
Morrión
10:42 Feudal Age
14:18 Loom
21:38 Castle Age
20:50 Bloodlines
21:13 Scale Barding Armor
21:20 Double-Bit Axe
22:06 Forging
24:14 Wheelbarrow
23:35 Fletching
24:08 Horse Collar
26:03 Bow Saw
27:19 Chain Barding Armor
29:04 Iron Casting
28:34 Husbandry
30:19 Bodkin Arrow
juanca12
10:52 Feudal Age
19:09 Castle Age
17:43 Fletching
19:21 Wheelbarrow
19:18 Crossbowman
20:27 Bodkin Arrow
21:16 Padded Archer Armor
23:22 Double-Bit Axe
31:47 Fervor
남조선사람
6:37 Loom
8:48 Feudal Age
8:56 Man-at-Arms
13:47 Double-Bit Axe
20:28 Castle Age
18:43 Fletching
19:09 Horse Collar
19:22 Gold Mining
20:30 Crossbowman
21:29 Bow Saw
21:53 Bodkin Arrow
24:11 Wheelbarrow
25:24 Ballistics
26:41 Hand Cart
32:15 Imperial Age
29:53 Padded Archer Armor
30:30 Town Watch
30:46 Heavy Plow
30:43 Stone Mining
31:21 Fervor
33:10 Bracer
33:27 Leather Archer Armor
34:17 Chemistry
34:52 Ring Archer Armor
Goembal
0:37 Loom
9:48 Feudal Age
10:23 Double-Bit Axe
10:21 Horse Collar
14:29 Scale Barding Armor
15:34 Forging
17:55 Bloodlines
23:22 Castle Age
21:41 Gold Mining
21:42 Stone Mining
25:19 Chain Barding Armor
26:23 Town Watch
27:07 Husbandry
29:29 Iron Casting
29:47 Light Cavalry
31:16 Bow Saw
32:02 Devotion
Connection lost

Rejoining the realm…

Still unreachable

The connection could not be restored.

Session expired

The server has moved on; the page needs a fresh start.